AoeStats
← iAlejandrouae

Nomad

507238216Analyzed
3v3 RM · 15d ago on Sep 17, 2026· 32m 1s· 6 players
Game mode
Random Map
Map size
210×210
Population
200
Speed
Normal
Resources
Standard
Victory
Conquest
Starting age
Dark Age
Ending age
Imperial Age
RankedLock teamsTeams togetherTeam positionsShared explorationLock speedFull tech treeHidden civsTurbo modeCheats
Victory
Defeat
🇨🇳 Mongols · China
1508
+16
🇿🇦 Italians · South Africa
1506
+17
🇫🇷 Malians · France
1460
+18
🇦🇷 Vietnamese · Argentina
1587
-20
🇹🇷 Persians · Türkiye
1573
-19
🇦🇺 Lithuanians · Australia
1391
-12
antorse31
5:45 Loom
12:10 Feudal Age
12:49 Double-Bit Axe
18:13 Castle Age
16:19 Fishing Lines
19:04 Bow Saw
20:44 Wheelbarrow
20:11 Gillnets
21:11 Fletching
22:34 Scale Barding Armor
23:10 Horse Collar
25:00 Husbandry
25:30 Bloodlines
27:26 Chain Barding Armor
29:51 Forging
31:18 Hand Cart
Pielover757
4:47 Loom
13:04 Feudal Age
18:07 Castle Age
16:57 Fishing Lines
17:05 Double-Bit Axe
17:46 Town Watch
20:39 Fletching
22:15 Bodkin Arrow
24:43 Padded Archer Armor
31:44 Horse Collar
无助小羊
4:38 Loom
13:39 Feudal Age
18:05 Castle Age
17:14 Double-Bit Axe
18:50 Forging
18:57 Medium Warships
20:04 Bow Saw
21:08 Horse Collar
22:55 Wheelbarrow
28:57 Fishing Lines
34:50 Imperial Age
iAlejandrouae
4:00 Loom
13:23 Feudal Age
18:37 Castle Age
19:27 Fletching
21:42 Bodkin Arrow
28:48 Horse Collar
28:56 Double-Bit Axe
31:02 Bow Saw
Damir
12:22 Feudal Age
16:43 Castle Age
17:20 Double-Bit Axe
17:44 Horse Collar
20:04 Bow Saw
24:52 Loom
26:48 Town Watch
32:45 Imperial Age
30:38 Scale Barding Armor
Itgetsdarker
5:51 Loom
13:23 Feudal Age
17:04 Castle Age
16:20 Double-Bit Axe
18:07 Bow Saw
18:50 Scale Barding Armor
19:32 Forging
19:10 Horse Collar
19:42 Town Watch
30:51 Bloodlines
Connection lost

Rejoining the realm…

Still unreachable

The connection could not be restored.

Session expired

The server has moved on; the page needs a fresh start.